 Dungeon Crawl Stone Soup version 0.30-a0-297-g0ec75d9ef4 (webtiles) character file.

Game seed: 1831318869577120941

28 MrRokkomies the Sneak (level 3, 0/33 HPs)
             Began as an Armataur Delver on Oct 19, 2022.
             Slain by Natasha (2 damage)
             ... on level 3 of the Dungeon.
             The game lasted 00:02:49 (411 turns).

MrRokkomies the Sneak (Armataur Delver)              Turns: 411, Time: 00:02:50

Health: 0/33       AC:  4    Str: 17    XL:     3   Next: 0%
Magic:  3/3        EV:  9    Int: 10    God:
Gold:   20         SH:  0    Dex: 13    Spells: 2/2 levels left

rFire   . . .      SeeInvis .    a - +0 mace
rCold   . . .      Faith    .    (no shield)
rNeg    . . .      Spirit   .    b - +0 leather armour
rPois   .          Reflect  .    (no helmet)
rElec   .          Harm     .    (no cloak)
rCorr   .          Roll     +    (no gloves)
Will    .....                    (no barding)
Stlth   +++.......               (no amulet)
HPRegen 0.25/turn                (no ring)
MPRegen 0.08/turn                (no ring)

@: no status effects
A: large, rugged brown scales 3, deformed body, armoured tail, roll, long
tongue, awkward tongue
a: no special abilities


You were on level 3 of the Dungeon.
You visited 1 branch of the dungeon, and saw 3 of its levels.

You collected 20 gold pieces.

Inventory:

Hand Weapons
 a - a +0 mace (weapon)
Armour
 b - a +0 leather armour (worn)
Wands
 g - a wand of digging (3)
 j - a wand of flame (11)
Scrolls
 c - a scroll of fog
 d - a scroll of magic mapping
 e - a scroll of fear
Potions
 h - a potion of attraction {unknown}
 i - a potion of degeneration {unknown}


   Skills:
 * Level 3.1 Fighting
 - Level 1.7 Maces & Flails
 * Level 2.0 Armour
 + Level 1.6 Dodging
 - Level 5.4 Stealth


You had 2 spell levels left.
You didn't know any spells.
Your spell library contained the following spells:

 Spells                   Type           Power      Damage    Failure   Level
 Portal Projectile        Hex/Tloc       0%         N/A       80%         3
 Tukima's Dance           Hex            0%         N/A       80%         3
 Blade Hands              Tmut           0%         N/A       100%        5


Dungeon Overview and Level Annotations

Branches:
Dungeon (5/15)
 Temple: D:4-7

Altars:
Trog
The Shining One

Annotations:
D:3 Natasha


Innate Abilities, Weirdness & Mutations

You are completely covered in rugged brown scales. (AC +3, +7% HP)
Armour fits poorly on your strangely shaped body.
You have a long armoured tail.
You roll when moving toward enemies. (Rampage)
Your long tongue fully drains potion bottles. (2x potion effects)
Your tongue gives you trouble enunciating. (1.5x scroll delay)


Message History

The gnoll is almost dead.
You hear an angry hiss.
The gnoll hits you with a +0 spear!
You hit the gnoll but do no damage. You punch the gnoll.
The gnoll is almost dead.
Natasha opens the door.
The gnoll hits you with a +0 spear. Natasha casts a spell at you.
You resist with significant effort.
You hit the gnoll.
You kill the gnoll!
Your Armour skill increases to level 2!
You have reached level 3!
Your experience leads to an increase in your attributes!
Increase (S)trength, (I)ntelligence, or (D)exterity?
You feel agile. x2
You hit Natasha.
Natasha is moderately wounded.
Natasha mumbles some strange words.
Natasha closely misses you.
You closely miss Natasha. You tail-slap Natasha.
Natasha is heavily wounded.
Natasha barely misses you.
You closely miss Natasha.
Natasha is heavily wounded.
The white imp gestures at you. The puff of frost hits you!
Natasha wildly gestures.
Natasha shimmers violently.
Natasha claws you.
You hit Natasha.
You tail-slap Natasha, but do no damage.
Natasha is almost dead.
The white imp shouts, "Crawl home, thou peaked clapper-clawed whip-jack!"
The white imp hits you.
* * * LOW HITPOINT WARNING * * *
The white imp freezes you.
* * * LOW HITPOINT WARNING * * *
Natasha casts a spell.
Natasha claws you.
You die...

#...............#
#.#
#.....####.###.##
####.#
#.###.####'###+###'
#g(().
#..)..##..#.......#
#.##.#
#.##..##..#.......#
##.##.#
#.##...'..'###+###'
+..##.#
#.....##..#.+
##.##)#
####.###..#.#
##..#.#
##....+##h@#
+##+.)..g#
#.....#..#5#
#..#...... #.#..##.
#5' #..#.....#
##....+
'###+###+..'.#.#$#
#.####
#.......#..#####.#
#.# .......#..# #.#
#.# # # #+# #'###
#.# #.# #..#
#.###.# #g#
#.#####.####.##..#
#.#


You could see Natasha, a crimson imp (summoned) and a white imp (summoned).

Vanquished Creatures
  2 gnolls (D:3)
  An orc (D:3)
  An endoplasm (D:3)
  2 quokkas (D:4)
  A ball python (D:4)
  2 kobolds (D:4)
9 creatures vanquished.

Notes
Turn   | Place    | Note
-------+----------+-------------------------------------------
     0 | D:5      | MrRokkomies the Armataur Delver began the quest for the
                  | Orb.
     0 | D:5      | Reached XP level 1. HP: 19/19 MP: 1/1
   107 | D:4      | Found a bloodstained altar of Trog.
   168 | D:4      | Found a glowing golden altar of the Shining One.
   218 | D:4      | Noticed a necrophage
   267 | D:3      | Reached skill level 1 in Armour
   267 | D:3      | Reached XP level 2. HP: 20/27 MP: 2/2
   407 | D:3      | Noticed Natasha
   408 | D:3      | Reached XP level 3. HP: 23/33 MP: 3/3
   411 | D:3      | Slain by Natasha

Illustrated notes

Levels and vault maps discovered:
D:3:      layout_loops_corners, mainiacjoe_overflow_24_doors, uniq_robin,
          uniq_natasha, uniq_crazy_yiuf_cottage
D:4:      layout_cave_pools, mainiacjoe_overflow_concentric_impassable,
          mainiacjoe_overflow_alcove_4, amcnicky_altar_gilded, serial_glass,
          glass_columns_a, glass_columns_a, feat_on_display,
          minmay_strange_pillars, minmay_strange_pillars
D:5:      layout_basic, grunt_temple_overflow_open,
          nicolae_sif_muna_condensation

Skill      XL: |  1  2 |
---------------+-------+-----
Fighting       | 3 |  3.1
Armour         | 1 2 |  2.0
Maces & Flails | |  1.7
Dodging        | |  1.6
Stealth        | |  5.4

Action                   || total
-------------------------++-------
Melee: Mace              ||    32
       Tailslap          ||     4
       Punch             ||     1
Throw: Dart              ||     6
  Use: Potion            ||     1
       Scroll            ||     1
 Stab: Sleeping          ||     2
Armor: Leather armour    ||    11
Dodge: Dodged            ||    16

Table legend: (Time is in decaauts)
 A = Elapsed time spent in this place.
 B = Non-inter-level travel time spent in this place.
 C = Inter-level travel time spent in this place.
 D = Time resting spent in this place.
 E = Time spent auto-exploring this place.
 F = Levels seen in this place.
 G = Mean time per level.
                   A        B        C        D        E       F      G
               +--------+--------+--------+--------+--------+-----+--------+
         Total |    402 |    395 |      7 |     83 |    122 |   3 |  134.0 |
       Dungeon |    402 |    395 |      7 |     83 |    122 |   3 |  134.0 |
               +--------+--------+--------+--------+--------+-----+--------+

Top non-repeatable levels by time:
     D:3: 164 daAuts
     D:4: 130 daAuts
     D:5: 107 daAuts
